 Dungeon Crawl Stone Soup version 0.31-a0-1001-g770356a28f (webtiles) character file.

Game seed: 14712769367271268296

56 Maratek the Trooper (level 3, -1/29 HPs)
             Began as a Demonspawn Fighter on Nov 8, 2023.
             Slain by a hobgoblin (3 damage)
             ... led by Robin
             ... on level 2 of the Dungeon.
             The game lasted 00:01:31 (708 turns).

Maratek the Trooper (Demonspawn Fighter)             Turns: 708, Time: 00:01:31

Health: -1/29      AC:  8    Str: 18    XL:     3   Next: 71%
Magic:  3/3        EV:  9    Int:  9    God:
Gold:   57         SH:  4    Dex: 12    Spells: 2/2 levels left

rFire   . . .        a - +0 war axe
rCold   . . .        c - +0 buckler
rNeg    . . .        b - +0 scale mail
rPois   .            (helmet restricted)
rElec   .            (no cloak)
rCorr   .            f - +0 pair of gloves
SInv    .            (no boots)
Will    .....        (no amulet) Stlth
                     (no ring)
HPRegen 0.24/turn    (no ring)
MPRegen 0.08/turn

%: no passive effects
@: no status effects
A: antennae 1, powered by pain 1
a: no special abilities


You were on level 2 of the Dungeon.
You visited 1 branch of the dungeon, and saw 2 of its levels.

You collected 57 gold pieces.

Inventory:

Hand Weapons
 a - a +0 war axe (weapon)
Armour
 b - a +0 scale mail (worn)
 c - a +0 buckler (worn)
 f - a +0 pair of gloves (worn)
Scrolls
 h - 2 scrolls of noise {unknown}
 i - a scroll of brand weapon {unknown}
 j - a scroll of fear {unknown}
Potions
 d - a potion of might
 g - a potion of cancellation {unknown}
 k - a potion of lignification {unknown}


   Skills:
 + Level 3.6 Fighting
 + Level 2.4 Axes
 + Level 3.2 Armour
 + Level 2.9 Shields


You had 2 spell levels left.
You didn't know any spells.
Your spell library was empty.

Dungeon Overview and Level Annotations

Branches:
Dungeon (2/15)

Altars:


Innate Abilities, Weirdness & Mutations

You have a pair of small antennae on your head.
You sometimes gain a little power by taking damage.


Message History

You hit Robin.
You kill Robin!
You completely miss the goblin. You hit the goblin.
You kill the goblin!
The goblin hits you but does no damage.
You slash the hobgoblin!
You kill the hobgoblin!
You hit the goblin.
You kill the goblin!
A goblin comes into view. It is wielding a +0 club.
Items here: )) [[ ††.
You closely miss the goblin. You slash the hobgoblin!
You kill the hobgoblin!
A goblin comes into view. It is wielding a +0 dagger.
The goblin hits you but does no damage.
The goblin shouts!
You hit the goblin.
The goblin is heavily wounded.
You hear a shout!
The goblin no longer looks unusually strong.
The goblin hits you but does no damage.
You slash the goblin!
You kill the goblin!
The goblin hits you but does no damage.
You slash the goblin!
You kill the goblin!
A hobgoblin comes into view.
Things that are here:
a +0 dagger; a +0 club; a goblin corpse The hobgoblin shouts!
The hobgoblin hits you but does no damage.
You closely miss the hobgoblin.
The hobgoblin hits you but does no damage.
The hobgoblin closely misses you.
You hit the hobgoblin but do no damage. The hobgoblin hits you.
* * * LOW HITPOINT WARNING * * *
You closely miss the hobgoblin.
The hobgoblin hits you but does no damage.
You barely miss the hobgoblin. The hobgoblin hits you.
You die...

.# #.########
.####..†.....###########
...##..##...............
....#...#.##.###))#.###
..#.......##.# #..#
..........##.# #).#
######...###.# #).# #
#.......# #..##.##. #
##.###### #@....... #
#.# #g###.##. # ##+##
#.. .. # ##...## #### ##
# ##.....## ##...<...#
###)........#
..+.........+
###.........#


You could see a hobgoblin.

Vanquished Creatures
  Robin (D:2)
  An adder (D:2)
  A dart slug (D:1)
  2 giant cockroaches (D:1)
  7 goblins
  4 hobgoblins
  5 kobolds
  3 frilled lizards (D:1)
  12 rats (D:1)
36 creatures vanquished.

Notes
Turn   | Place    | Note
-------+----------+-------------------------------------------
     0 | D:1      | Maratek the Demonspawn Fighter began the quest for the Orb.
     0 | D:1      | Reached XP level 1. HP: 18/18 MP: 1/1
   111 | D:1      | Gained mutation: You sometimes gain a little power by
                  | taking damage. [demonic ancestry]
   111 | D:1      | Reached XP level 2. HP: 24/24 MP: 2/2
   670 | D:2      | Discovered your monstrous ancestry.
   670 | D:2      | Gained mutation: You have a pair of small antennae on your
                  | head. [demonic ancestry]
   670 | D:2      | Reached XP level 3. HP: 29/29 MP: 3/3
   687 | D:2      | Noticed Robin
   695 | D:2      | Killed Robin
   706 | D:2      | HP: 1/29 [hobgoblin[Robin] (4)]
   708 | D:2      | Slain by a hobgoblin

Illustrated notes

Levels and vault maps discovered:
D:1:      lemuel_arrival_tunnels, layout_rooms, minmay_rat_gold_closets
D:2:      minmay_razor_zed, layout_loops_corners,
          dreamdust_ecumenical_altar_grove, minivault_19, uniq_robin

Skill      XL: |  1  2 |
---------------+-------+-----
Axes           | 2 |  2.4
Armour         | 3 |  3.2
Fighting       | |  3.6
Shields        | |  2.9

Action                     || total
---------------------------++-------
  Melee: War axe           ||    80
 Armour: Scale mail        ||    65
  Dodge: Dodged            ||    26
  Block: Buckler           ||    11

Table legend: (Time is in decaauts)
 A = Elapsed time spent in this place.
 B = Non-inter-level travel time spent in this place.
 C = Inter-level travel time spent in this place.
 D = Time resting spent in this place.
 E = Time spent auto-exploring this place.
 F = Levels seen in this place.
 G = Mean time per level.
                   A        B        C        D        E       F      G
               +--------+--------+--------+--------+--------+-----+--------+
         Total |    742 |    688 |     54 |      0 |    478 |   2 |  371.0 |
       Dungeon |    742 |    688 |     54 |      0 |    478 |   2 |  371.0 |
               +--------+--------+--------+--------+--------+-----+--------+

Top non-repeatable levels by time:
     D:1: 626 daAuts
     D:2: 115 daAuts
